 Dungeon Crawl Stone Soup version 0.26.1-11-gd32895ea62 (console) character file.

Game seed: 7535822867922243886

484 om the Chiller (level 6, -5/34 HPs)
             Began as a Deep Elf Ice Elementalist on May 25, 2021.
             Slain by Grinder (10 damage)
             ... while paralysed by Grinder
             ... in a sewer.
             The game lasted 00:11:14 (4751 turns).

om the Chiller (Deep Elf Ice Elementalist)          Turns: 4751, Time: 00:11:15

Health: -5/34      AC:  2    Str:  6      XL:     6   Next: 88%
Magic:  14/14      EV:  2    Int: 21      God:
Gold:   108        SH:  0    Dex: 20 (21) Spells: 2/13 levels left

rFire    . . .     SeeInvis .   k - +2 short sword (holy)
rCold    . . .     Faith    .   (no shield)
rNeg     . . .     Spirit   .   a - +0 robe
rPois    .         Reflect  .   (no helmet)
rElec    .         Harm     .   (no cloak)
rCorr    .         Rampage  .   (no gloves)
Will     .....                  (no boots)
Stlth    +++.......             (no amulet)
HPRegen  0.11/turn              p - +6 ring of dexterity
MPRegen  0.14/turn              (no ring)

@: paralysed
A: no striking features
a: no special abilities


You were in a sewer.
You visited 1 branch of the dungeon, and saw 4 of its levels.
You also visited: Sewer.

You collected 108 gold pieces.

Inventory:

Hand Weapons
 c - a +0 dagger
 k - a +2 short sword of holy wrath (weapon)
Armour
 a - a +0 robe (worn)
Jewellery
 p - a +6 ring of dexterity (left hand)
 t - an uncursed ring of resist corrosion {unknown}
Wands
 r - a wand of flame (12)
Scrolls
 f - 3 scrolls of remove curse
 g - a scroll of magic mapping
 i - 2 scrolls of teleportation {unknown}
 l - 4 scrolls of enchant weapon {unknown}
 o - 2 scrolls of amnesia {unknown}
 u - 2 scrolls of identify
 w - a scroll of acquirement {unknown}
Potions
 b - 4 potions of curing
 d - 2 potions of flight
 e - 2 potions of resistance {unknown}
 j - a potion of magic
 m - a potion of lignification {unknown}
 n - a potion of brilliance {unknown}
 q - a potion of degeneration {unknown}
 s - a potion of cancellation {unknown}
 v - a potion of might {unknown}


   Skills:
 * Level 1.3 Fighting
 * Level 5.1 Dodging
 * Level 5.3 Stealth
 - Level 4.0 Spellcasting
 * Level 5.9 Ice Magic
 + Level 1.2 Evocations


You had 2 spell levels left.
You knew the following spells:

 Your Spells              Type           Power        Failure   Level
a - Freeze                Ice            100%         1%          1
b - Frozen Ramparts       Ice            58%          3%          3
c - Ozocubu's Armour      Ice            29%          3%          3
d - Hailstorm             Conj/Ice       16%          34%         4

Your spell library contained the following spells:

 Spells                   Type           Power        Failure   Level
 Summon Ice Beast         Ice/Summ       16%          34%         4


Dungeon Overview and Level Annotations

Branches:
Dungeon (4/15)              Sewer (1/1)
 Temple: D:4-7

Altars:

Shops:
D:4 }:*

Annotations:
Sewer Grinder


Message History

You closely miss Grinder.
Grinder is heavily wounded.
The ooze hits you.
* * * LOW HITPOINT WARNING * * *
The kobold closely misses you. The kobold hits you but does no damage.
Grinder misses you. The ooze hits you.
* * * LOW HITPOINT WARNING * * *
You feel much better. The kobold hits you. The kobold closely misses you.
Grinder gestures at you.
You suddenly lose the ability to move!
The ooze barely misses you. The kobold hits you.
The kobold hits you with a cursed -2 short sword.
Grinder hits you but does no damage. The ooze hits you. The kobold hits you.
The kobold hits you but does no damage. Grinder hits you!
* * * LOW HITPOINT WARNING * * *
The ooze hits you.
* * * LOW HITPOINT WARNING * * *
The kobold hits you.
* * * LOW HITPOINT WARNING * * *
The kobold hits you but does no damage. Grinder hits you!
You die...

### #∩# ##.## ##((.##
#≈.@K≈# #≈J5K≈# #≈...≈#
#≈...≈# #≈...≈# #≈.(.≈#
##'''##
#########.....#########
##≈≈≈≈≈≈#..§.§..#≈≈≈≈≈≈##
#KJ5....K...(...'.......###
!/K.....'.§._.§.'........∩#


You could see Grinder, an ooze and 2 kobolds.

Vanquished Creatures
  An ogre (D:3)
  2 big kobolds (Sewer)
  A quasit (Sewer)
  Terence (D:2)
  5 adders
  A howler monkey skeleton (D:4)
  2 shadow imps (Sewer)
  5 ufetubi (Sewer)
  An ooze (Sewer)
  3 worms
  A dart slug (D:3)
  3 leopard geckos
  A bat zombie (Sewer)
  5 giant cockroaches
  7 goblins
  6 hobgoblins
  9 jackals
  A quokka (D:4)
  A ball python (D:1)
  11 bats
  7 frilled lizards
  17 kobolds
  A kobold zombie (Sewer)
  6 rats
98 creatures vanquished.

Notes
Turn   | Place    | Note
-------+----------+-------------------------------------------
     0 | D:1      | om the Deep Elf Ice Elementalist began the quest for the
                  | Orb.
     0 | D:1      | Reached XP level 1. HP: 10/10 MP: 6/6
   341 | D:1      | Reached XP level 2. HP: 13/15 MP: 5/8
  1153 | D:2      | Reached XP level 3. HP: 15/19 MP: 7/9
  1212 | D:2      | Learned a level 3 spell: Frozen Ramparts
  1212 | D:2      | Noticed Terence
  1222 | D:2      | Killed Terence
  1224 | D:2      | Reached XP level 4. HP: 17/24 MP: 3/11
  1777 | D:2      | Reached skill level 5 in Ice Magic
  2967 | D:3      | Noticed an ogre
  2974 | D:3      | Killed an ogre
  2975 | D:3      | Reached XP level 5. HP: 28/28 MP: 6/13
  3229 | D:3      | Learned a level 3 spell: Ozocubu's Armour
  3234 | D:3      | Learned a level 4 spell: Hailstorm
  3549 | D:4      | Found Edamm's Assorted Antiques.
  3549 | D:4      | Found Qaywaota's Book Emporium.
  3595 | D:4      | Found Fyoblov's Gadget Shop.
  3659 | D:4      | Found a glowing drain.
  3667 | Sewer    | Entered a sewer
  3824 | Sewer    | Reached XP level 6. HP: 30/33 MP: 14/14
  4162 | Sewer    | Found a burning altar of Makhleb.
  4173 | Sewer    | Reached skill level 1 in Fighting
  4173 | Sewer    | Reached skill level 5 in Stealth
  4228 | Sewer    | Reached skill level 5 in Dodging
  4228 | Sewer    | Reached skill level 1 in Evocations
  4719 | Sewer    | Noticed Grinder
  4748 | Sewer    | Paralysed by Grinder for 5 turns
  4751 | Sewer    | Slain by Grinder

Illustrated notes

Levels and vault maps discovered:
D:1:      minmay_arrival_three_doors, layout_basic
D:2:      layout_loops_ring, uniq_terence
D:3:      layout_rooms
D:4:      layout_loops_ring, serial_shops, shop,
          nicolae_shop_overgrown_old_shop, shop, cheibrodos_sewer_entry_sluice,
          minmay_close_crescents
Sewer:    kennysheep_sewer_church

Skill      XL: |  1  2  3  4  5  6 |
---------------+-------------------+-----
Stealth        | 3 4 5 |  5.3
Dodging        | 3 4 5 |  5.1
Ice Magic      | 5 |  5.9
Spellcasting   | 4 |  4.0
Fighting       | 1 |  1.3
Evocations     | 1 |  1.2

Action                   |  1- 3 |  4- 6 || total
-------------------------+-------+-------++-------
Melee: Dagger            |    25 |     5 ||    30
       Short sword       |       |   148 ||   148
 Cast: Freeze            |    32 |    20 ||    52
       Frozen Ramparts   |     1 |    15 ||    16
Evoke: Wand              |       |     2 ||     2
  Use: Scroll            |       |     6 ||     6
       Potion            |       |     2 ||     2
 Stab: Sleeping          |     4 |     5 ||     9
Armor: Robe              |    11 |    32 ||    43
Dodge: Dodged            |    43 |   193 ||   236
